 Dungeon Crawl Stone Soup version 0.20.1-1-g8b1a95d (webtiles) character file.

1068 Gargoyl the Covered (level 8, -6/67 HPs)
             Began as a Minotaur Abyssal Knight on July 19, 2017.
             Was a Believer of Lugonu.
             Mangled by a two-headed ogre
             ... wielding a +0 dire flail
              (20 damage)
             ... on level 5 of the Dungeon.
             The game lasted 00:07:57 (4841 turns).

Gargoyl the Covered (Minotaur Abyssal Knight)       Turns: 4841, Time: 00:07:58

Health: -6/67      AC: 10    Str: 16    XL:     8   Next: 7%
Magic:  10/10      EV:  5    Int:  9    God:    Lugonu [**....]
Gold:   266        SH:  8    Dex: 13    Spells: 7/7 levels left

rFire    . . .     SeeInvis +   a - +4 hand axe
rCold    . . .     Gourm    .   b - +0 shield
rNeg     . . .     Faith    .   o - +0 chain mail
rPois    .         Spirit   .   (helmet unavailable)
rElec    .         Reflect  .   (no cloak)
rCorr    .         Harm     .   (no gloves)
MR       ++...                  (no boots)
Stlth    ..........             (no amulet)
Regen    0.3/turn               d - ring of protection from magic
MPRegen  0.2/turn               s - ring of protection from magic

@: flying
A: retaliatory headbutt, horns 3, see invisible
a: Depart the Abyss, Bend Space, Renounce Religion


You were on level 5 of the Dungeon.
You worshipped Lugonu.
Lugonu was pleased with you.
You were not hungry.

You visited 1 branch of the dungeon, and saw 5 of its levels.
You visited the Abyss 1 time.

You collected 266 gold pieces.

Inventory:

Hand Weapons
 a - a +4 hand axe (weapon)
 i - a +0 hand axe of chopping
 v - a +0 war axe
Armour
 b - a +0 shield (worn)
 o - a +0 chain mail (worn)
Jewellery
 d - a ring of protection from magic (left hand)
 s - a ring of protection from magic (right hand)
Wands
 l - a wand of lightning (6/15)
 r - a wand of digging (10/24)
 t - a wand of confusion (26/48)
 A - a wand of confusion (42/48)
Scrolls
 k - a scroll of blinking
 u - a scroll of fear
 x - 4 scrolls of teleportation
 y - 2 scrolls of identify
 B - a scroll of enchant weapon
Potions
 g - a potion of lignification {unknown}
 h - a potion of magic {unknown}
 j - a potion of curing
 m - a potion of resistance {unknown}
 p - 2 potions of flight
 w - a potion of might {unknown}
 z - a potion of haste {unknown}
Books
 n - a book of Minor Magic

   Spells                             Type                      Level
   a - Magic Dart                     Conjuration                  1
   b - Blink                          Translocation                2
   c - Call Imp                       Summoning                    2
   d - Slow                           Hexes                        2
   e - Conjure Flame                  Conjuration/Fire             3
   f - Mephitic Cloud                 Conjuration/Poison/Air       3
Comestibles
 c - 4 bread rations
 f - a meat ration
 q - a royal jelly
 C - a chunk of flesh


   Skills:
 + Level 4.8 Fighting
 + Level 6.1 Axes
 * Level 7.3 Armour
 + Level 2.5 Dodging
 + Level 2.5 Shields
 * Level 4.0 Invocations


You had 7 spell levels left.
You didn't know any spells.

Dungeon Overview and Level Annotations

Branches:
Dungeon (5/15)
 Temple: D:4-7

Altars:
Gozag
Kikubaaqudgha
Nemelex Xobeh
Qazlal
Trog
The Shining One


Innate Abilities, Weirdness & Mutations

You reflexively headbutt those who attack you in melee.
You have a pair of large horns on your head.
You have supernaturally acute eyesight. (SInv)


Message History

You block the two-headed ogre's attack. x2
Your shield prevents you from hitting the two-headed ogre.
The two-headed ogre is heavily wounded.
The two-headed ogre hits you but does no damage.
The two-headed ogre hits you with a giant club!!
* * * LOW HITPOINT WARNING * * *
You hit the two-headed ogre but do no damage.
You headbutt the two-headed ogre.
The two-headed ogre is heavily wounded.
The two-headed ogre seems less confused.
You block the two-headed ogre's attack.
The two-headed ogre hits you but does no damage.
Okay, then.
Okay, then.
Unknown command.
It was a potion of flight.
You feel very buoyant.
You fly up into the air.
The two-headed ogre hits you with a dire flail!!
You die...

##.##.## #.# # ##.#...## #.#
########## .........## #.#
#......... #.........####.#
#.######## ........[.......#
#.# # ##.........###### ##.##
##.).....## ######...###
....#....########..........#
######........O@รท.####...#.#
###.########## ##.##.# #.
#.##.# #. #.##.# #.
#.##.##### .. #.##...... ..
#.######## #. #.# ........#


You could see a two-headed ogre.

Vanquished Creatures
  Grinder (D:3)
  A water moccasin (D:5)
  A necrophage (D:5)
  An ogre (D:4)
  A phantom (D:5)
  A centaur (D:5)
  2 scorpions
  A hound (D:4)
  An orc priest (D:4)
  An iguana (D:5)
  Ijyb (D:3)
  Terence (D:3)
  An orc wizard (D:4)
  A worker ant (D:5)
  6 adders
  An ooze (D:3)
  An adder zombie (D:5)
  3 worms (D:3)
  A dart slug (D:1)
  12 orcs
  2 ball pythons
  4 bats
  6 giant cockroaches
  6 goblins
  5 hobgoblins
  8 kobolds
  A quokka (D:2)
  7 frilled lizards
  A leopard gecko skeleton (D:4)
  11 rats
90 creatures vanquished.

Notes
Turn   | Place    | Note
-------+----------+-------------------------------------------
     0 | Abyss:1  | Gargoyl the Minotaur Abyssal Knight began the quest for the Orb.
     0 | Abyss:1  | Reached XP level 1. HP: 19/19 MP: 1/1
    51 | Abyss:1  | Found a corrupted altar of Lugonu.
    68 | Abyss:1  | Noticed a small abomination
    78 | Abyss:1  | Found a corrupted altar of Lugonu.
    83 | Abyss:1  | Noticed a spatial vortex
   110 | Abyss:1  | Noticed a chaos spawn
   115 | D:1      | Escaped the Abyss
   225 | D:1      | Reached XP level 2. HP: 18/27 MP: 2/2
   225 | D:1      | Reached * piety under Lugonu
   927 | D:2      | Reached XP level 3. HP: 33/33 MP: 3/3
   936 | D:2      | Reached skill level 3 in Armour
  1273 | D:2      | Reached ** piety under Lugonu
  1327 | D:2      | Found an opulent altar of Gozag.
  1605 | D:3      | Found a sparkling altar of Nemelex Xobeh.
  1662 | D:3      | Reached XP level 4. HP: 40/40 MP: 4/4
  1711 | D:3      | Found an ancient bone altar of Kikubaaqudgha.
  1736 | D:3      | Noticed Terence
  1748 | D:3      | Killed Terence
  1945 | D:3      | Noticed Ijyb
  1960 | D:3      | Killed Ijyb
  2057 | D:3      | Reached XP level 5. HP: 46/46 MP: 5/5
  2194 | D:3      | Noticed Grinder
  2198 | D:3      | Reached skill level 4 in Armour
  2210 | D:3      | Paralysed by Grinder for 7 turns
  2218 | D:3      | Gained mutation: You are clumsy. (Dex -2) [potion of mutation]
  2218 | D:3      | Gained mutation: You are somewhat resistant to further mutation. [potion of mutation]
  2496 | D:3      | Noticed a moth of wrath
  2520 | D:3      | Killed Grinder
  2520 | D:3      | Reached skill level 1 in Shields
  2520 | D:3      | Reached XP level 6. HP: 24/53 MP: 5/7
  2697 | D:3      | Found a bloodstained altar of Trog.
  2830 | D:4      | Reached skill level 5 in Armour
  3157 | D:4      | Reached skill level 5 in Axes
  3157 | D:4      | Reached XP level 7. HP: 31/60 MP: 8/8
  3349 | D:4      | Found a glowing golden altar of the Shining One.
  3893 | D:5      | Entered Level 5 of the Dungeon
  3910 | D:5      | Reached skill level 6 in Armour
  4317 | D:5      | Found a stormy altar of Qazlal.
  4334 | D:5      | Reached skill level 7 in Armour
  4536 | D:5      | Lost mutation: You are clumsy. (Dex -2) [potion of mutation]
  4536 | D:5      | Lost mutation: You are somewhat resistant to further mutation. [potion of mutation]
  4536 | D:5      | Gained mutation: You have supernaturally acute eyesight. (SInv) [potion of mutation]
  4536 | D:5      | Gained mutation: You have a pair of large horns on your head. [potion of mutation]
  4621 | D:5      | Noticed a fire elemental
  4621 | D:5      | Noticed an air elemental
  4621 | D:5      | Noticed a water elemental
  4727 | D:5      | Reached XP level 8. HP: 61/67 MP: 8/10
  4818 | D:5      | Noticed a two-headed ogre
  4841 | D:5      | Mangled by a two-headed ogre

Skill      XL: |  1  2  3  4  5  6  7 |
---------------+----------------------+-----
Fighting       | 4 |  4.8
Invocations    | 2 3 4 |  4.0
Armour         | 3 4 5 7 |  7.3
Axes           | 3 4 5 6 |  6.1
Dodging        | 2 |  2.5
Shields        | 1 2 |  2.5

Action                   |  1- 3 |  4- 6 |  7- 9 || total
-------------------------+-------+-------+-------++-------
Melee: Hand axe          |    73 |    95 |    88 ||   256
       Headbutt          |     9 |    15 |    17 ||    41
Invok: Depart the Abyss  |     1 |       |       ||     1
Evoke: Wand              |       |       |     2 ||     2
  Use: Scroll            |     7 |     6 |       ||    13
       Potion            |       |     2 |     3 ||     5
  Eat: Chunk             |     2 |     1 |     5 ||     8
       Bread ration      |       |     1 |       ||     1
Armor: Leather armour    |    16 |       |       ||    16
       Ring mail         |     9 |       |       ||     9
       Scale mail        |    13 |       |       ||    13
       Chain mail        |       |    34 |    33 ||    67
Dodge: Dodged            |    29 |    16 |     8 ||    53
Block: Shield            |    14 |    28 |    38 ||    80
